 Dungeon Crawl Stone Soup version 0.30-a0-390-g80c34de65d (webtiles) character file.

Game seed: 15507953206266095460

109 p00ps00p the Trooper (level 4, -8/38 (41) HPs)
             Began as a Hill Orc Fighter on Dec 5, 2022.
             Mangled by an ogre
             ... wielding a +0 giant club
              (27 damage)
             ... on level 3 of the Dungeon.
             The game lasted 00:03:43 (1611 turns).

p00ps00p the Trooper (Hill Orc Fighter)             Turns: 1611, Time: 00:03:44

HP:   -8/38 (41)    AC:  9    Str: 20    XL:     4   Next: 90%
MP:   4/4           EV:  7    Int:  8    God:
Gold: 110           SH:  4    Dex: 10    Spells: 3/3 levels left

rFire   . . .      SeeInvis .    a - +0 war axe
rCold   . . .      Faith    .    c - +0 buckler
rNeg    . . .      Spirit   .    m - +0 chain mail
rPois   .          Reflect  .    (no helmet)
rElec   .          Harm     .    (no cloak)
rCorr   .          Rampage  .    (no gloves)
Will    .....                    (no boots)
Stlth   ..........               (no amulet)
HPRegen 0.26/turn                (no ring)
MPRegen 0.09/turn                (no ring)

@: mighty, drained
A: no striking features
a: no special abilities


You were on level 3 of the Dungeon.
You visited 1 branch of the dungeon, and saw 3 of its levels.

You collected 110 gold pieces.

Inventory:

Hand Weapons
 a - a +0 war axe (weapon)
Armour
 b - a +0 scale mail
 c - a +0 buckler (worn)
 m - a +0 chain mail (worn)
Jewellery
 f - a ring of magical power
Scrolls
 h - 2 scrolls of identify {unknown}
 j - a scroll of enchant weapon {unknown}
 l - 2 scrolls of butterflies {unknown}
 p - 2 scrolls of blinking
 q - a scroll of vulnerability {unknown}
Potions
 e - a potion of curing {unknown}
 g - 2 potions of berserk rage {unknown}
 i - a potion of flight {unknown}
 k - a potion of ambrosia {unknown}
 n - a potion of degeneration {unknown}
 o - a potion of lignification {unknown}
 r - 2 potions of heal wounds {unknown}
 s - a potion of brilliance {unknown}


   Skills:
 + Level 4.5 Fighting
 + Level 3.9 Axes
 + Level 4.1 Armour
 + Level 4.1 Shields


You had 3 spell levels left.
You didn't know any spells.
Your spell library was empty.

Dungeon Overview and Level Annotations

Branches:
Dungeon (3/15)

Altars:
Hepliaklqana


Message History

The bat barely misses you. The bat hits you but does no damage. x2
You slash the ogre!
The ogre is moderately wounded.
You barely miss the bat. You block the bat's attack.
The ogre hits you with a +0 giant club!!
Ouch! That really hurt!
You are too injured to fight recklessly!
You are too injured to fight recklessly!
You are too injured to fight recklessly!
You are too injured to fight recklessly!
You are too injured to fight recklessly!
You are too injured to fight recklessly!
You are too injured to fight recklessly!
You are too injured to fight recklessly!
You are too injured to fight recklessly!
You are too injured to fight recklessly!
You are too injured to fight recklessly!
You are too injured to fight recklessly!
You are too injured to fight recklessly!
You are too injured to fight recklessly!
You are too injured to fight recklessly!
You are too injured to fight recklessly!
You are too injured to fight recklessly!
You are too injured to fight recklessly!
You are too injured to fight recklessly!
You are too injured to fight recklessly!
You are too injured to fight recklessly!
You are too injured to fight recklessly!
You are too injured to fight recklessly!
You are too injured to fight recklessly!
You are too injured to fight recklessly!
You are too injured to fight recklessly!
You feel very mighty all of a sudden. The bat hits you but does no damage.
The ogre barely misses you.
You slash the ogre!
The ogre is severely wounded.
The bat hits you but does no damage.
The ogre hits you with a +0 giant club!!
Ouch! That really hurt!
You die...

#.... #...# #...#
#...# #[b.#
######...#
......O..# ######
###@.# #.....
#....# #.####
#.##.# #.# #.# .#
#.# #.# .. #.#
#.# ##. #.# #.# #
#.#
#.#############.#
#...............#


You could see an ogre and a bat.

Vanquished Creatures
  5 adders
  2 dart slugs (D:1)
  3 endoplasms
  3 giant cockroaches
  4 goblins
  5 hobgoblins
  4 jackals (D:2)
  7 kobolds
  4 quokkas
  8 ball pythons
  6 bats
  3 frilled lizards (D:1)
  6 rats
60 creatures vanquished.

Notes
Turn   | Place    | Note
-------+----------+-------------------------------------------
     0 | D:1      | p00ps00p the Hill Orc Fighter began the quest for the Orb.
     0 | D:1      | Reached XP level 1. HP: 19/19 MP: 1/1
   128 | D:1      | Reached XP level 2. HP: 27/27 MP: 2/2
   327 | D:1      | Found a faded altar of an unknown god.
   375 | D:1      | Reached XP level 3. HP: 33/33 MP: 3/3
   837 | D:2      | Reached XP level 4. HP: 40/40 MP: 4/4
   933 | D:2      | Found a hazy altar of Hepliaklqana.
  1605 | D:3      | Noticed an ogre
  1611 | D:3      | Mangled by an ogre

Illustrated notes

Levels and vault maps discovered:
D:1:      minmay_arrival_open_corners, layout_loops_cross,
          hellmonk_ecumenical_altar_run_dry
D:2:      minmay_wonky_spiral, layout_basic, basic_altar
D:3:      layout_basic, hex_tiny, uniq_ijyb

Skill      XL: |  1  2  3  4 |
---------------+-------------+-----
Axes           | 3 |  3.9
Fighting       | 4 |  4.5
Armour         | 4 |  4.1
Shields        | 4 |  4.1

Action                   |  1- 3 |  4- 6 || total
-------------------------+-------+-------++-------
Melee: War axe           |    96 |    72 ||   168
  Use: Scroll            |     1 |       ||     1
       Potion            |       |     1 ||     1
Armor: Scale mail        |    57 |     4 ||    61
       Chain mail        |       |    37 ||    37
Dodge: Dodged            |    44 |    25 ||    69
Block: Buckler           |    27 |    16 ||    43

Table legend: (Time is in decaauts)
 A = Elapsed time spent in this place.
 B = Non-inter-level travel time spent in this place.
 C = Inter-level travel time spent in this place.
 D = Time resting spent in this place.
 E = Time spent auto-exploring this place.
 F = Levels seen in this place.
 G = Mean time per level.
                   A        B        C        D        E       F      G
               +--------+--------+--------+--------+--------+-----+--------+
         Total |   1672 |   1597 |     75 |      0 |   1182 |   3 |  557.3 |
       Dungeon |   1672 |   1597 |     75 |      0 |   1182 |   3 |  557.3 |
               +--------+--------+--------+--------+--------+-----+--------+

Top non-repeatable levels by time:
     D:2: 799 daAuts
     D:1: 735 daAuts
     D:3: 137 daAuts
